 Dungeon Crawl Stone Soup version 0.25-a0-458-g6fc7858b95 (webtiles) character file.

Game seed: 7934434315199133716, levelgen mode: deterministic

459 Nattfarinn the Covert (level 7, -2/45 HPs)
             Began as an Octopode Assassin on Feb 2, 2020.
             Shot with an arrow by a centaur (10 damage)
             ... on level 5 of the Dungeon.
             The game lasted 00:07:13 (4166 turns).

Nattfarinn the Covert (Octopode Assassin)           Turns: 4166, Time: 00:07:14

Health: -2/45      AC:  2    Str: 15    XL:     7   Next: 6%
Magic:  7/7        EV: 15    Int: 13    God:
Gold:   296        SH:  0    Dex: 16    Spells: 6/6 levels left

rFire    + . .     SeeInvis .   a - +2 dagger
rCold    . . .     Gourm    .   (no shield)
rNeg     . . .     Faith    .   o - +1 hat
rPois    .         Spirit   .   (no amulet)
rElec    .         Reflect  .   n - +5 ring of strength
rCorr    .         Harm     .   f - ring of protection from cold
MR       .....     Rnd*Tele +   r - ring of teleportation (curse)
Stlth    +++++.....             y - ring of fire
HPRegen  0.15/turn              (no ring)
MPRegen  0.10/turn              (no ring)
                                (no ring)
                                (no ring)

@: very slightly contaminated, invisible
A: almost no armour, stealthy swim, amphibious, 8 rings, constrict 8, camouflage
1, gelatinous body 1
a: no special abilities


You were on level 5 of the Dungeon.
You were not hungry.

You visited 1 branch of the dungeon, and saw 5 of its levels.

You collected 296 gold pieces.

Inventory:

Hand Weapons
 a - a +2 dagger (weapon)
 q - a -2 dagger
Missiles
 b - 10 poisoned darts (quivered)
 c - 2 curare-tipped darts
Armour
 o - a +1 hat (worn)
Jewellery
 f - a ring of protection from cold (right tentacle)
 n - a +5 ring of strength (left tentacle)
 r - a cursed ring of teleportation (on tentacle)
 y - a ring of fire (on tentacle)
Wands
 w - a wand of flame (10)
Scrolls
 e - a scroll of noise {unknown}
 g - 6 scrolls of identify {unknown}
 j - 2 scrolls of amnesia {unknown}
 k - 4 scrolls of remove curse
 m - 2 scrolls of immolation
 s - 4 scrolls of enchant armour {unknown}
 t - a scroll of magic mapping {unknown}
 v - 2 scrolls of enchant weapon {unknown}
 x - a scroll of teleportation {unknown}
Potions
 h - 2 potions of agility
 i - a potion of lignification {unknown}
 l - a potion of brilliance {unknown}
 p - a potion of magic {unknown}
 u - a potion of degeneration
Comestibles
 d - 7 rations
 A - 2 chunks of flesh


   Skills:
 - Level 2.0 Fighting
 + Level 4.0 Short Blades
 - Level 2.0 Throwing
 + Level 3.5 Dodging
 * Level 9.0 Stealth


You had 6 spell levels left.
You didn't know any spells.
Your spell library contained the following spells:

 Spells                   Type           Power        Failure   Level  Hunger
 Magic Dart               Conj           #...         30%         1    ##.....
 Blink                    Tloc           N/A          43%         2    ###....
 Call Imp                 Summ           #.......     43%         2    ###....
 Slow                     Hex            #.......     43%         2    ###....
 Conjure Flame            Conj/Fire      #.......     67%         3    ####...
 Mephitic Cloud           Conj/Pois/Air  #.......     67%         3    ####...


Dungeon Overview and Level Annotations

Branches:
Dungeon (5/15)
 Temple: D:4-7

Altars:

Shops:
D:4 *

Annotations:
D:5 2 transporters, kroki's ghost, novice HOFi


Innate Abilities, Weirdness & Mutations

You cannot wear most types of armour.
You are very stealthy in the water. (Stealth+)
You are amphibious.
You can wear up to eight rings at the same time.
You can use your tentacles to constrict eight enemies at once.
Your skin changes colour to match your surroundings (Stealth+).
Your rubbery body absorbs attacks. (AC +1, EV +1)


Message History

The orc is lightly wounded.
The orc barely misses you.
You barely miss the orc. You grab the orc.
The orc is lightly wounded.
You constrict the orc.
A centaur comes into view.
The orc completely misses you.
The centaur shouts!
You hit the orc.
You kill the orc!
You hear a shout!
The centaur wields a +8 shortbow.
The centaur shoots an arrow.
The arrow hits you!
* * * LOW HITPOINT WARNING * * *
You fade into invisibility!
An orc comes into view. It is wielding a +0 trident.
The centaur shoots an arrow.
The arrow closely misses you.
You are very lightly contaminated with residual magic.
The centaur shoots an arrow.
The arrow hits you!
You die...

#.####.###....
# #.####.## ..
. #...>...#
#(....#.#
#.###...# ...
#.# ##.##
##.#. #.# #.#
#.... #(# #.#
#...# #@# #.#
#...# #.# #.#
#...# #c#
#.#######...#
#.o
........<...#
###
#.#######..##
#.... ##.##
#.# #.#


You could see a centaur and an orc.

Vanquished Creatures
  An orc warrior (D:4)
  2 orc priests
  2 orc wizards
  An iguana (D:5)
  A worker ant zombie (D:5)
  9 adders
  An ooze (D:3)
  An adder skeleton (D:5)
  3 worms
  3 dart slugs
  4 leopard geckos
  9 orcs
  11 bats
  7 giant cockroaches
  5 goblins
  7 hobgoblins
  7 jackals (D:1)
  2 quokkas (D:3)
  9 frilled lizards
  9 kobolds
  A leopard gecko zombie (D:5)
  12 rats
107 creatures vanquished.

Notes
Turn   | Place    | Note
-------+----------+-------------------------------------------
     0 | D:1      | Nattfarinn the Octopode Assassin began the quest for the
                  | Orb.
     0 | D:1      | Reached XP level 1. HP: 14/14 MP: 1/1
    47 | D:1      | Reached XP level 2. HP: 16/19 MP: 2/2
   378 | D:1      | Reached skill level 6 in Stealth
   390 | D:1      | Reached XP level 3. HP: 9/24 MP: 3/3
  1448 | D:2      | Reached XP level 4. HP: 29/29 MP: 4/4
  1999 | D:3      | Found a faded altar of an unknown god.
  2068 | D:3      | Reached skill level 7 in Stealth
  2145 | D:3      | Reached XP level 5. HP: 28/34 MP: 5/5
  3336 | D:4      | Found Kuotehi's General Store.
  3522 | D:4      | Noticed an orc warrior
  3524 | D:4      | Reached skill level 8 in Stealth
  3524 | D:4      | Reached XP level 6. HP: 39/39 MP: 6/6
  3550 | D:4      | Killed an orc warrior
  3886 | D:5      | Entered Level 5 of the Dungeon
  4054 | D:5      | Found a transporter.
  4054 | D:5      | Noticed kroki's ghost (novice HOFi)
  4071 | D:5      | Found a transporter.
  4161 | D:5      | Reached skill level 9 in Stealth
  4161 | D:5      | Reached XP level 7. HP: 21/45 MP: 7/7
  4166 | D:5      | Shot with an arrow by a centaur

Levels and vault maps discovered:
D:1:      saegor_arrival_miasma, layout_basic
D:2:      layout_loops_ring, minmay_tromino_v4_a
D:3:      layout_basic, chequers_ecumenical_altar_island, minmay_distorted
D:4:      layout_rooms, first_ration, serial_shops, shop,
          guppyfry_early_orc_mine
D:5:      layout_loops_ring, nicolae_overflow_hidden_temple,
          gammafunk_ghost_arena

Skill      XL: |  1  2  3  4  5  6 |
---------------+-------------------+-----
Stealth        | 6 7 8 9 |  9.0
Dodging        | 2 3 |  3.5
Short Blades   | 3 4 |  4.0
Fighting       | |  2.0
Throwing       | |  2.0

Action                   |  1- 3 |  4- 6 |  7- 9 || total
-------------------------+-------+-------+-------++-------
Melee: Dagger            |    74 |   160 |     3 ||   237
       Constrict         |    20 |    42 |     1 ||    63
       Tentacles         |    13 |    39 |       ||    52
Throw: Dart              |     4 |       |       ||     4
  Use: Scroll            |     2 |     1 |       ||     3
       Potion            |       |     5 |     1 ||     6
 Stab: Sleeping          |    12 |    13 |       ||    25
  Eat: Chunk             |     2 |     8 |       ||    10
Armor: Skin              |    15 |    11 |       ||    26
Dodge: Dodged            |    60 |    76 |     3 ||   139

Table legend:
 A = Non-vault XP
 B = Vault XP
 C = Vault XP percentage of total XP
 D = Non-vault monster count
 E = Vault monster count
 F = Vault count percentage of total count
                 A         B        C        D         E       F
            +---------+---------+-------+---------+---------+-------
      Total |     412 |     244 |  37.2 |      96 |      11 |  10.3
            +---------+---------+-------+---------+---------+-------
        D:1 |      55 |       0 |   0.0 |      29 |       0 |   0.0
        D:2 |      59 |       7 |  10.6 |      25 |       2 |   7.4
        D:3 |     179 |       4 |   2.2 |      30 |       2 |   6.2
        D:4 |       2 |     233 |  99.1 |       1 |       7 |  87.5
        D:5 |     117 |       0 |   0.0 |      11 |       0 |   0.0
            +---------+---------+-------+---------+---------+-------
